 Dungeon Crawl Stone Soup version 0.17-a0-1976-g482a304 (webtiles) character file.

89210 Oddball22 the Cardsharp (level 15, -9/126 HPs)
             Began as a Demonspawn Artificer on Oct 4, 2015.
             Was a High Priest of Nemelex Xobeh.
             Shot with an arrow by a naga sharpshooter (23 damage)
             ... on level 1 of the Snake Pit on Oct 5, 2015.
             The game lasted 01:58:18 (32111 turns).

Oddball22 the Cardsharp (Demonspawn Artificer)     Turns: 32111, Time: 01:58:19

Health: -9/126     AC: 16    Str: 25    XL:     15   Next: 48%
Magic:  26/26      EV: 19    Int: 16    God:    Nemelex Xobeh [*****.]
Gold:   2612       SH:  0    Dex: 17    Spells: 2 memorised, 9 levels left

rFire  + . .     SeeInvis .     L - +8 glaive of Ashenzari's Reproof {drain, rPois rN+}
rCold  . . .     Clarity  .     M - +1 leather armour of the Gardener {rF+ Regen+ Str+4 Stlth+}
rNeg   + . .     SustAt   .     (no shield)
rPois  +         Gourm    .     G - +0 hat
rElec  .         Spirit   .     m - +0 cloak
rCorr  +         Warding  .     w - +1 pair of gloves
rMut   .         Stasis   .     X - +2 pair of boots
MR     ++...                    d - amulet of rage
Stlth  +++.......               J - +5 ring of strength
                                P - ring of protection from magic

@: very resistant to hostile enchantments, fairly stealthy
A: antennae 1, claws 1, talons 1, yellow scales 3, clever 1, demonic guardian 1,
foul stench 2, robust 1, spit poison 1, strong 1, rot immunity
a: Spit Poison, Triple Draw, Deal Four, Stack Five, Renounce Religion, Evoke
Berserk Rage


You were on level 1 of the Snake Pit.
You worshipped Nemelex Xobeh.
Nemelex Xobeh was extremely pleased with you.
You were not hungry.

You visited 4 branches of the dungeon, and saw 28 of its levels.
You visited 1 bazaar.

You collected 3080 gold pieces.
You spent 460 gold pieces at shops.

Inventory:

Hand Weapons
 L - the +8 glaive of Ashenzari's Reproof (weapon) {drain, rPois rN+}
   (You found it on level 4 of the Dungeon)

   A truly terrible weapon, it drains the life of those it strikes.
   It protects you from poison.
   It protects you from negative energy.
Armour
 m - a +0 cloak (worn)
 w - a +1 pair of gloves (worn)
 G - a +0 hat (worn)
 M - the +1 leather armour of the Gardener (worn) {rF+ Regen+ Str+4 Stlth+}
   (You bought it in a shop in a bazaar)

   It affects your strength (+4).
   It protects you from fire.
   It increases your rate of regeneration.
   It makes you more stealthy.
 X - a +2 pair of boots (worn)
Rods
 K - a +6 rod of shadows (12/12)
   (You found it on level 8 of the Lair of Beasts)
Jewellery
 d - an amulet of rage (around neck)
 J - a +5 ring of strength (right hand)
 P - a ring of protection from magic (left hand)
Wands
 c - a wand of flame (29)
 U - a wand of heal wounds (0)
Scrolls
 l - 10 scrolls of remove curse
 y - 12 scrolls of identify
 z - 3 scrolls of enchant armour
 H - 3 scrolls of recharging
 O - 3 scrolls of enchant weapon
 S - 7 scrolls of teleportation
 W - 3 scrolls of blinking
Potions
 e - a potion of berserk rage
 i - 3 potions of agility
 B - a potion of invisibility
 N - 3 potions of haste
 R - 5 potions of curing
 V - 5 potions of might
Miscellaneous
 g - a plain deck of war {drawn: 2}
 h - a fan of gales
 j - a legendary deck of war {drawn: 1}
 k - an ornate deck of war
 n - an ornate deck of war
 o - a legendary deck of war
 q - a legendary deck of destruction {drawn: 4}
 r - an ornate deck of destruction
 t - an ornate deck of destruction
 u - a legendary deck of war
 v - a legendary deck of escape {drawn: 1}
 A - an ornate deck of escape
 C - a legendary deck of destruction
 D - a fan of gales
 F - a legendary deck of war
 I - an ornate deck of escape
 Q - a legendary deck of escape
Comestibles
 a - 6 chunks of flesh
 b - 9 royal jellies
 f - 12 bread rations
 p - 26 fruits
 s - 6 beef jerkies
 E - 7 meat rations


   Skills:
 - Level 10.3 Fighting
   Level 5.0 Short Blades
 * Level 13.7 Polearms
 + Level 8.2 Armour
 + Level 10.5 Dodging
 - Level 0.8 Stealth
 + Level 15.1 Evocations


You had 9 spell levels left.
You knew the following spells:

 Your Spells              Type           Power        Failure   Level  Hunger
a - Swiftness             Chrm/Air       #.......     41%         2    ###....
b - Passwall              Trmt/Erth      #.........   82%         3    ####...


Dungeon Overview and Level Annotations

Branches:
Dungeon (15/15)            Temple (0/1) D:5            Lair (8/8) D:8
 Shoals (0/4) Lair:5        Snake (1/4) Lair:5        Slime (0/6) Lair:8
    Orc (4/4) D:9             Elf (0/3) Orc:4        Vaults (0/5) D:14
 Depths (0/5) D:15

Altars:
Elyvilon
Fedhas
Kikubaaqudgha
Makhleb
Nemelex Xobeh
Qazlal
Trog
Xom
Zin
The Shining One
Beogh

Shops:
D:9 }   D:10 [   Orc:4 =*[?

Annotations:
Lair:7 exclusion: ice statue


Innate Abilities, Weirdness & Mutations

You have sharp fingernails.
You are completely covered in yellow scales (AC +4, rCorr).
A weak demonic guardian rushes to your aid.
You frequently emit foul miasma when damaged in melee.
You are robust (+10% HP).
You are immune to rotting.
You have a pair of small antennae on your head.
You have sharp toenails.
Your mind is acute. (Int +2)
You can spit weak poison.
Your muscles are strong. (Str +2)


Message History

The naga sharpshooter magically shoots an arrow.
The arrow hits you.
* * * LOW HITPOINT WARNING * * *
You swap places.
The naga sharpshooter gestures wildly while chanting.
The naga sharpshooter magically shoots an arrow.
The arrow hits you but does no damage.
You see here 2 arrows.
Your quasit bites the naga sharpshooter.
Your quasit claws the naga sharpshooter but does no damage.
Your quasit barely misses the naga sharpshooter.
The naga sharpshooter shoots an arrow.
The arrow closely misses your quasit. The arrow closely misses you.
Your quasit barely misses the naga sharpshooter.
Your quasit claws the naga sharpshooter but does no damage. x2
The naga sharpshooter casts a spell.
The naga sharpshooter magically shoots an arrow.
The arrow hits you!!
You die...
Your body glows with a rainbow of weird colours and disappears.

######.###+##..[##.##
#.##⌠.⌠##.##⌠.⌠# #.#
#...###...## #.#
#..†....## #.#
##.[<..## ##
######.######⌠.⌠####..
....##.#....#####...
....##.#.###.####.#
....+....###....@.#
....#.....#######.#
####......+ #(#
#..)...##### #(# #
#..........#
#5#######..[.
#......#.#.#
#(N(((DNN....
#......#.#.#
#########....
#......'.#.# .
####......###.#


You could see a naga sharpshooter and a friendly quasit.

Vanquished Creatures
  2 dire elephants (Lair:8)
  A fire dragon (Lair:5)
  The ghost of godescalc the Thaumaturge, a powerful HEAE of Zin (Lair:5)
  A vault guard (D:14)
  2 naga warriors (Snake:1)
  3 anacondas
  5 hydras
  3 centaur warriors
  A satyr (Lair:8)
  Urug (Lair:2)
  Nergalle (Lair:2)
  A storm dragon zombie (D:15)
  A skeletal warrior (D:15)
  A flayed ghost (D:15)
  3 unseen horrors
  A deep troll (Orc:4)
  A naga ritualist (Snake:1)
  9 hill giants
  A necromancer (D:15)
  An orc knight (Orc:4)
  3 mana vipers (Snake:1)
  3 griffons
  3 cyclopes
  2 manticores
  2 orc sorcerers (Orc:4)
  10 ugly things
  A wizard (D:15)
  A faun (Snake:1)
  A sphinx skeleton (D:15)
  13 elephants
  3 centaur zombies
  3 gargoyles
  8 black mambas
  An eye of devastation (Lair:8)
  11 spiny frogs
  A yaktaur (D:14)
  A komodo dragon (shapeshifter) (D:13)
  8 komodo dragons
  A guardian mummy (D:15)
  3 fire drakes (Lair:4)
  3 polar bears
  8 trolls
  5 two-headed ogres
  A hornet zombie (D:14)
  2 boulder beetles (Lair:8)
  A spriggan zombie (D:15)
  7 blink frogs
  3 wyverns
  A tarantella (Lair:1)
  2 wraiths
  25 yaks
  A shadow (D:15)
  2 spriggans (Lair:4)
  3 basilisks
  8 wolves
  A hog (Lair:1)
  9 hippogriffs
  A steam dragon (D:11)
  2 hungry ghosts
  A mottled dragon (D:15)
  2 soldier ants (D:14)
  2 insubstantial wisps (D:10)
  8 water moccasins
  4 nagas
  13 porcupines
  7 sky beasts
  2 wasps
  4 phantoms
  18 ice beasts
  2 black bears
  An eye of draining (Lair:8)
  15 orc warriors
  15 centaurs
  A necrophage (D:6)
  A tengu (Lair:1)
  3 crocodiles
  A big kobold (D:7)
  10 ogres
  25 giant frogs
  A wyvern zombie (D:14)
  A scorpion (D:5)
  6 electric eels
  13 killer bees
  16 wights
  11 crimson imps
  6 jellies
  20 orc priests
  35 orc wizards
  5 hounds
  2 quasits
  A giant frog zombie (D:5)
  3 giant frog skeletons
  Jessica (D:3)
  4 centaur skeletons
  8 iguanas
  Natasha (thrice) (D:4)
  6 worker ants
  9 sheep
  2 hound zombies
  A worker ant zombie (D:7)
  9 adders
  3 gnolls (D:11)
  54 river rats
  3 shadow imps
  A white imp (Lair:7)
  6 oozes
  An adder zombie (D:7)
  5 worms (D:2)
  6 giant geckos
  156 orcs
  A ball python (D:3)
  5 giant cockroaches
  17 hobgoblins
  15 kobolds
  5 quokkas
  7 bats
  A giant gecko skeleton (D:4)
  8 giant newts
  12 goblins
  13 jackals
  A jackal zombie (D:7)
  A quokka skeleton (D:9)
  2 quokka zombies
  11 rats
  4 fungi (Lair:8)
  8 plants
848 creatures vanquished.

Vanquished Creatures (collateral kills)
  A dire elephant (Lair:8)
  A hydra (D:11)
  A centaur warrior (D:14)
  2 ogre magi (Orc:4)
  A deep troll (Orc:4)
  3 hill giants
  3 ugly things (D:14)
  2 cyclopes (Orc:4)
  2 elephants (Lair:8)
  2 gargoyles
  8 trolls
  An efreet (D:15)
  A wolf spider simulacrum (D:14)
  A blink frog (Lair:5)
  3 two-headed ogres (Orc:4)
  A spriggan zombie (D:15)
  A centaur simulacrum (D:14)
  Eustachio (D:4)
  7 yaks
  A steam dragon (D:10)
  Edmund (D:4)
  2 hungry ghosts
  2 nagas (Lair:5)
  Duvessa (D:4)
  An ice beast (Orc:4)
  An eye of draining (D:7)
  14 ogres
  A crocodile (Lair:8)
  7 centaurs
  2 giant frogs
  Dowan (D:4)
  A crimson imp (D:15)
  A jelly (D:13)
  2 orc wizards (D:3)
  2 iguanas
  A killer bee zombie (D:6)
  6 orcs
  A ball python (D:4)
  A kobold (D:7)
91 creatures vanquished.

Vanquished Creatures (others)
  A ball lightning (Orc:1)
  2 yaks (Lair:8)
  2 orc wizards (Orc:1)
  A river rat (Lair:8)
  6 orcs
  A bush (D:5)
  14 fungi
  13 plants
40 creatures vanquished.

Grand Total: 979 creatures vanquished

Notes
Turn   | Place    | Note
--------------------------------------------------------------
     0 | D:1      | Oddball22 the Demonspawn Artificer began the quest for the Orb.
     0 | D:1      | Reached XP level 1. HP: 15/15 MP: 3/3
    63 | D:1      | Reached skill level 1 in Short Blades
   514 | D:1      | Gained mutation: You are immune to rotting. [demonic ancestry]
   514 | D:1      | Reached XP level 2. HP: 16/21 MP: 4/4
   625 | D:1      | Found a sparkling altar of Nemelex Xobeh.
   633 | D:1      | Became a worshipper of Nemelex Xobeh the Trickster
   753 | D:1      | Received a gift from Nemelex Xobeh
  1160 | D:1      | Reached XP level 3. HP: 26/26 MP: 5/5
  2095 | D:2      | Gained mutation: A weak demonic guardian rushes to your aid. [demonic ancestry]
  2095 | D:2      | Reached XP level 4. HP: 30/33 MP: 6/6
  3621 | D:2      | Gained mutation: You may emit foul miasma when damaged in melee. [demonic ancestry]
  3621 | D:2      | Reached XP level 5. HP: 38/38 MP: 7/7
  3889 | D:3      | Found a shimmering altar of Xom.
  3899 | D:3      | Found an ancient bone altar of Kikubaaqudgha.
  3899 | D:3      | Found a bloodstained altar of Trog.
  3906 | D:3      | Received a gift from Nemelex Xobeh
  4051 | D:3      | Noticed Jessica
  4065 | D:3      | Killed Jessica
  4672 | D:3      | Found a blossoming altar of Fedhas.
  5053 | D:4      | Noticed Dowan
  5057 | D:4      | Noticed Duvessa
  5078 | D:4      | Killed Dowan
  5078 | D:4      | Reached XP level 6. HP: 34/46 MP: 8/8
  5081 | D:4      | Killed Duvessa
  5441 | D:4      | Reached skill level 4 in Evocations
  5700 | D:4      | Noticed Sigmund
  5700 | D:4      | Noticed Natasha
  5977 | D:4      | Received a gift from Nemelex Xobeh
  6010 | D:4      | Got a steaming glaive
  6016 | D:4      | Identified the +8 glaive of Ashenzari's Reproof {drain, rPois rN+} (You found it on level 4 of the Dungeon)
  6027 | D:4      | Noticed a phantom
  6057 | D:4      | Killed a phantom
  6255 | D:4      | Gained mutation: You are partially covered in yellow scales (AC +2). [demonic ancestry]
  6255 | D:4      | Reached XP level 7. HP: 47/52 MP: 10/10
  6337 | D:4      | Noticed Sigmund
  6337 | D:4      | Sigmund changed into Sigmund the river rat
  6340 | D:4      | Killed Sigmund the river rat
  6418 | D:4      | Killed Natasha
  6449 | D:4      | Noticed Natasha
  6454 | D:4      | Killed Natasha
  6461 | D:4      | Noticed Natasha
  6465 | D:4      | Killed Natasha
  6536 | D:4      | Noticed Edmund
  6543 | D:4      | Noticed an ogre
  6548 | D:4      | Killed Edmund
  6550 | D:4      | Killed an ogre
  6556 | D:4      | Noticed Eustachio
  6591 | D:4      | Killed Eustachio
  7031 | D:5      | Entered Level 5 of the Dungeon
  7076 | D:5      | Received a gift from Nemelex Xobeh
  7206 | D:5      | You fall through a shaft!
  7224 | D:6      | Reached skill level 1 in Polearms
  7416 | D:6      | Reached skill level 5 in Evocations
  7526 | D:6      | Reached XP level 8. HP: 60/60 MP: 11/11
  7544 | D:6      | Acquired Nemelex Xobeh's first power
  7948 | D:6      | Reached skill level 5 in Dodging
  8034 | D:6      | Found a white marble altar of Elyvilon.
  8246 | D:5      | Found a staircase to the Ecumenical Temple.
  8404 | D:5      | Received a gift from Nemelex Xobeh
  8547 | D:5      | Found a stormy altar of Qazlal.
  9027 | D:7      | Received a gift from Nemelex Xobeh
  9127 | D:7      | Reached skill level 5 in Fighting
  9162 | D:7      | Reached skill level 6 in Evocations
  9162 | D:7      | Reached XP level 9. HP: 68/68 MP: 13/13
  9207 | D:7      | Acquired Nemelex Xobeh's second power
  9401 | D:7      | Reached skill level 5 in Polearms
  9410 | D:7      | Received a gift from Nemelex Xobeh
  9915 | D:8      | Gained mutation: You have sharp toenails. [potion of mutation]
  9915 | D:8      | Gained mutation: You evolve. [potion of mutation]
  9915 | D:8      | Gained mutation: Your mind is acute. (Int +2) [potion of mutation]
  9916 | D:8      | Reached skill level 12 in Evocations
  9916 | D:8      | Gained mutation: You are mostly covered in yellow scales (AC +3). [demonic ancestry]
  9916 | D:8      | Reached XP level 10. HP: 74/74 MP: 19/19
 10253 | D:8      | Got an encrusted glaive {vamp}
 10255 | D:8      | Identified the +11 glaive of the Realm of Zot {vamp, Stlth+} (You took it off an orc on level 8 of the Dungeon)
 10450 | D:8      | Gained mutation: You have a pair of small antennae on your head. [evolution]
 10700 | D:8      | Found a staircase to the Lair.
 10704 | D:8      | Noticed a komodo dragon
 10917 | D:8      | Killed a komodo dragon
 10987 | Lair:1   | Entered Level 1 of the Lair of Beasts
 10987 | Lair:1   | Noticed an elephant
 10987 | Lair:1   | Noticed an elephant
 10987 | Lair:1   | Noticed an elephant
 10987 | Lair:1   | Noticed an elephant
 10987 | Lair:1   | Noticed an elephant
 10989 | Lair:1   | Noticed an elephant
 11007 | Lair:1   | HP: 3/76 [elephant (13)]
 11015 | Lair:1   | an elephant changed into a tarantella
 11015 | Lair:1   | Noticed a swamp dragon
 11015 | Lair:1   | an elephant changed into a swamp dragon
 11015 | Lair:1   | an elephant changed into a jumping spider
 11015 | Lair:1   | Noticed a mana viper
 11015 | Lair:1   | an elephant changed into a mana viper
 11015 | Lair:1   | an elephant changed into a wind drake
 11015 | Lair:1   | Noticed a sea snake
 11015 | Lair:1   | an elephant changed into a sea snake
 11021 | Lair:1   | a mana viper changed into a basilisk
 11021 | Lair:1   | a swamp dragon changed into a tengu
 11021 | Lair:1   | a sea snake changed into a troll
 11026 | Lair:1   | Received a gift from Nemelex Xobeh
 11414 | Lair:1   | Gained mutation: You are completely covered in yellow scales (AC +4, rCorr). [demonic ancestry]
 11414 | Lair:1   | Reached XP level 11. HP: 81/81 MP: 20/20
 11505 | Lair:1   | Reached skill level 5 in Short Blades
 11721 | Lair:1   | Received a gift from Nemelex Xobeh
 12151 | D:9      | Acquired Nemelex Xobeh's third power
 12231 | D:9      | Found a staircase to the Orcish Mines.
 12497 | D:9      | Received a gift from Nemelex Xobeh
 12706 | D:9      | Found Fenigyl's Gadget Boutique.
 12800 | D:10     | Entered Level 10 of the Dungeon
 12801 | D:10     | Found Coumeam's Armour Shop.
 12911 | D:10     | Gained mutation: Your muscles are strong. (Str +2) [evolution]
 12911 | D:10     | Lost mutation: You evolve. [end of evolution]
 12943 | D:10     | Gained mutation: You can spit weak poison. [potion of beneficial mutation]
 13084 | D:10     | Noticed a hill giant
 13097 | D:10     | Killed a hill giant
 13106 | D:10     | Reached skill level 1 in Armour
 13143 | D:10     | Received a gift from Nemelex Xobeh
 13376 | D:10     | Received a gift from Nemelex Xobeh
 13545 | D:10     | Identified a -1 rod of inaccuracy (14/14) (You found it on level 9 of the Dungeon)
 13564 | D:10     | Reached skill level 13 in Evocations
 13871 | D:11     | Noticed a four-headed hydra
 13891 | D:11     | Killed an eight-headed hydra
 14280 | D:11     | Noticed a lindwurm
 14284 | D:11     | Noticed a lindwurm
 14285 | D:11     | Noticed a lindwurm
 14286 | D:11     | Noticed a lindwurm
 14486 | D:11     | Received a gift from Nemelex Xobeh
 14863 | D:11     | Killed an unseen horror
 15572 | D:11     | Found a burning altar of Makhleb.
 15656 | D:11     | Received a gift from Nemelex Xobeh
 15761 | D:11     | Noticed a six-headed hydra
 15767 | D:11     | Killed a six-headed hydra
 15767 | D:11     | Gained mutation: You have sharp fingernails. [demonic ancestry]
 15767 | D:11     | Reached XP level 12. HP: 91/91 MP: 21/21
 16234 | Orc:1    | Entered Level 1 of the Orcish Mines
 16640 | Orc:2    | Found a burning altar of Makhleb.
 16680 | Orc:2    | Received a gift from Nemelex Xobeh
 18361 | Orc:3    | Received a gift from Nemelex Xobeh
 18412 | Orc:3    | Found a roughly hewn altar of Beogh.
 18865 | Orc:4    | Entered Level 4 of the Orcish Mines
 18916 | Orc:4    | Found a staircase to the Elven Halls.
 19061 | Orc:4    | Found a bloodstained altar of Trog.
 19157 | Orc:4    | Found Yzxaeh's Magic Scroll Emporium.
 19169 | Orc:4    | Noticed an ogre mage
 19176 | Orc:4    | Killed an ogre mage
 19188 | Orc:4    | Noticed an ogre mage
 19203 | Orc:4    | Killed an ogre mage
 19203 | Orc:4    | Reached skill level 10 in Polearms
 19256 | Orc:4    | Found Zestre Zeir's Antique Armour Shoppe.
 19258 | Orc:4    | Found Guem's Assorted Antiques.
 19262 | Orc:4    | Found Qued's Jewellery Emporium.
 19296 | Orc:4    | Bought a pair of embroidered gloves for 135 gold pieces
 19442 | Orc:4    | Found a frozen archway.
 19504 | Orc:4    | Found a flickering gateway to a bazaar.
 19528 | Bazaar   | Entered a bazaar
 19532 | Bazaar   | Found Waimexi's Food Emporium.
 19540 | Bazaar   | Found Homahat's Book Boutique.
 19581 | Bazaar   | Found Nepnul's Armour Shoppe.
 19589 | Bazaar   | Bought a +0 hat for 36 gold pieces
 19589 | Bazaar   | Bought the +1 leather armour of the Gardener {rF+ Regen+ Str+4 Stlth+} for 289 gold pieces
 19607 | Bazaar   | Found Eggimes's Weapon Shop.
 19916 | Orc:1    | Received a gift from Nemelex Xobeh
 20426 | Lair:2   | Noticed a four-headed hydra
 20432 | Lair:2   | Killed a five-headed hydra
 20432 | Lair:2   | Reached XP level 13. HP: 99/99 MP: 23/23
 20436 | Lair:2   | Noticed Nergalle
 20466 | Lair:2   | Killed Nergalle
 20562 | Lair:2   | Noticed Urug
 20582 | Lair:2   | Killed Urug
 20713 | Lair:2   | Received a gift from Nemelex Xobeh
 21300 | Lair:3   | Received a gift from Nemelex Xobeh
 21398 | Lair:3   | Found a labyrinth entrance.
 21908 | Lair:3   | Received a gift from Nemelex Xobeh
 22286 | Lair:4   | Received a gift from Nemelex Xobeh
 22491 | Lair:4   | Reached skill level 5 in Armour
 22992 | Lair:5   | Received a gift from Nemelex Xobeh
 23258 | Lair:5   | Found a staircase to the Snake Pit.
 23260 | Lair:5   | Noticed godescalc's ghost (powerful HEAE)
 23278 | Lair:5   | Killed godescalc's ghost
 23438 | Lair:5   | Received a gift from Nemelex Xobeh
 23572 | Lair:5   | Reached skill level 14 in Evocations
 23677 | Lair:5   | Found a staircase to the Shoals.
 23830 | Lair:5   | Received a gift from Nemelex Xobeh
 24375 | Lair:6   | Got a translucent quicksilver dragon armour
 24377 | Lair:6   | Identified the quicksilver dragon armour of Izohaabo {MR+ Dex+5} (You found it on level 6 of the Lair of Beasts)
 24456 | Lair:6   | Received a gift from Nemelex Xobeh
 24666 | Lair:6   | Received a gift from Nemelex Xobeh
 25277 | Lair:7   | Received a gift from Nemelex Xobeh
 25328 | Lair:7   | Gained mutation: You frequently emit foul miasma when damaged in melee. [demonic ancestry]
 25328 | Lair:7   | Reached XP level 14. HP: 109/109 MP: 24/24
 25577 | Lair:7   | Found a glowing silver altar of Zin.
 25672 | Lair:7   | Received a gift from Nemelex Xobeh
 25953 | Lair:8   | Entered Level 8 of the Lair of Beasts
 25972 | Lair:8   | Found a staircase to the Slime Pits.
 26274 | Lair:8   | Received a gift from Nemelex Xobeh
 26804 | Lair:8   | Received a gift from Nemelex Xobeh
 26845 | Lair:8   | Reached skill level 10 in Fighting
 26968 | Lair:8   | Identified a +6 rod of shadows (12/12) (You found it on level 8 of the Lair of Beasts)
 28054 | D:12     | Received a gift from Nemelex Xobeh
 28315 | D:13     | Received a gift from Nemelex Xobeh
 28802 | D:13     | Received a gift from Nemelex Xobeh
 29186 | D:14     | Found a gate to the Vaults.
 29407 | D:14     | Received a gift from Nemelex Xobeh
 29443 | D:14     | Reached skill level 10 in Dodging
 29647 | D:14     | Gained mutation: You are robust (+10% HP). [demonic ancestry]
 29647 | D:14     | Reached XP level 15. HP: 74/126 MP: 26/26
 30126 | D:15     | Entered Level 15 of the Dungeon
 30138 | D:15     | Found a glowing golden altar of the Shining One.
 30178 | D:15     | HP: 1/126 [centaur warrior/arrow (16)]
 30556 | D:15     | Received a gift from Nemelex Xobeh
 30601 | D:15     | Found a staircase to the Depths.
 30647 | D:15     | Reached skill level 15 in Evocations
 31097 | D:15     | Learned a level 2 spell: Swiftness
 31101 | D:15     | Learned a level 3 spell: Passwall
 31185 | D:15     | Upgraded the game from 0.17-a0-1954-g0dddeaa to 0.17-a0-1976-g482a304
 31627 | Snake:1  | Entered Level 1 of the Snake Pit
 31991 | Snake:1  | Received a gift from Nemelex Xobeh
 32084 | Snake:1  | HP: 1/126 [naga sharpshooter/arrow (11)]
 32111 | Snake:1  | Shot with an arrow by a naga sharpshooter

Vault maps used:
D:1:      dpeg_arrival_subterranean_lakeside_camping, serial_co_window_serial,
          co_window_paths_a, co_window_paths_b, co_window_of_opportunity_a,
          co_window_paths_a, co_window_of_opportunity_a, co_window_cross_2,
          co_window_of_opportunity_b, co_window_broadway_b, glass_columns_a,
          glass_columns_a, glass_columns_b, glass_columns_a, glass_columns_b,
          minivault_26, nemelex_deck
D:2:      first_bread
D:3:      grunt_temple_overflow_open, fedhas_altar_4, uniq_jessica
D:4:      uniq_eustachio, uniq_edmund, uniq_sigmund, uniq_natasha, uniq_duvessa
D:5:      nicolae_qazlal_eye_of_the_storm, temple_doors_e, hangedman_decor_push,
          kb_lookout_dungeons_type
D:6:      lemuel_coloured_pillars_altar
D:8:      david_lair_shrubbed, hangedman_little_slice_of_home
D:9:      orc_0_dummy, serial_shops, shop, interstate_on_off
D:10:     serial_shops, shop_statue, hangedman_misty_isle
D:11:     basic_altar, minmay_lindwurm_lava
D:14:     david_vaults_5
D:15:     gammafunk_depths_entry_grave, tso_metal_star, library_closet
Lair:2:   grunt_megastairs_4, uniq_urug, uniq_nergalle
Lair:3:   serial_bayou, serial_bayou_lagoon_a, serial_bayou_lake_a,
          serial_bayou_shore_b, serial_bayou_pond_e, serial_bayou_shore_a,
          lab_entry_generic
Lair:4:   wad_woods_02
Lair:5:   dragon1_lemuel, minmay_shoals_entry_beasts,
          guppyfry_snake_entry_island, serial_bayou_lagoon_b
Lair:7:   basic_altar, nicolae_quartered_pool_medium, ice2_lemuel,
          lemuel_fruit_fields, lemuel_fruit_fields
Lair:8:   due_jungle_book, minmay_slime_entry_eyes
Snake:1:  grunt_ministairs_8
Orc:1:    nicolae_orc_flooded_monolith
Orc:2:    basic_altar
Orc:3:    basic_altar, nicolae_orc_pool_cavern
Orc:4:    st_orc_open, serial_shops, bzr_entry_customers,
          portal_ice_cave_entry_ice_beasts, trog_book
Bazaar:   bazaar_jpeg_ribbon

Action                   |  1- 3 |  4- 6 |  7- 9 | 10-12 | 13-15 || total
-------------------------+-------+-------+-------+-------+-------++-------
Melee: Short sword       |   156 |   313 |       |       |       ||   469
       Glaive            |       |    16 |   173 |   842 |  1118 ||  2149
 Abil: Spit Poison       |       |       |       |     1 |       ||     1
Evoke: Wand              |     2 |    12 |    11 |    19 |     3 ||    47
       Deck              |       |     2 |     6 |    23 |    39 ||    70
  Use: Scroll            |       |     1 |    14 |     6 |    11 ||    32
       Potion            |       |       |    12 |     9 |     5 ||    26
 Stab: Sleeping          |       |     3 |     1 |     4 |    26 ||    34
       Distracted        |       |       |     1 |     3 |    19 ||    23
  Eat: Chunk             |     4 |    12 |     9 |    34 |    28 ||    87
       Bread ration      |       |     1 |       |     1 |     1 ||     3
       Pizza             |       |       |       |       |     3 ||     3
       Royal jelly       |       |       |       |       |     2 ||     2
